 Dungeon Crawl Stone Soup version 0.30-a0-358-g0d69a1922f (webtiles) character file.

Game seed: 18356791374280816051

710464 Angani the Iron Dragon (level 27, -3/235 (264) HPs)
             Began as a White Draconian Earth Elementalist on Nov 7, 2022.
             Was an Elder of Zin.
             Slain by an Ice Fiend (8 damage)
             ... on level 4 of Cocytus on Nov 8, 2022.
             The game lasted 06:36:43 (109140 turns).

Angani the Iron Dragon (DrEE)                     Turns: 109140, Time: 06:36:44

HP:   -3/235 (264)  AC: 24    Str: 19    XL:     27
MP:   11/43         EV: 22    Int: 42    God:    Zin [****..]
Gold: 3059          SH: 15    Dex: 18    Spells: 2/59 levels left

rFire   + . .      SeeInvis .    o - +0 staff of Battle
rCold   + + +      Faith    .    M - +5 kite shield {rN+}
rNeg    + + +      Spirit   .    (body armour unavailable)
rPois   ∞          Reflect  .    Q - +2 hat
rElec   +          Harm     .    U - +1 cloak of Starlight {*Dazzle EV+4 Stlth--}
rCorr   .          Rampage  .    L - +2 pair of gloves
Will    ++...                    S - +3 pair of mountain boots {steadfast, rC+}
Stlth   ..........               w - amulet of magic regeneration
HPRegen 0.59/turn                z - ring "Gaidgh" {rElec rC+ rN+ Int+6}
MPRegen 0.68/turn                V - ring "Zath" {rF+ rN+}

@: vitalised, heavily drained, unable to drink
A: breathe frost, AC +13, unfitting armour, cold resistance 1, cold-blooded
}: 5/15 runes: serpentine, barnacled, slimy, silver, abyssal
a: Breathe Frost, Renounce Religion, Recite, Vitalisation, Imprison, Donate Gold


You were on level 4 of Cocytus.
You worshipped Zin.
Zin was greatly pleased with you.
You visited 15 branches of the dungeon, and saw 62 of its levels.
You visited the Abyss 2 times.
You visited 1 ziggurat, and saw 6 of its levels.
You also visited: Trove and Wizlab.

You collected 11239 gold pieces.
You spent 3134 gold pieces at shops.
You donated 5046 gold pieces to Zin.

Inventory:

Hand Weapons
 o - the +0 staff of Battle (weapon)
   (You found it on level 15 of the Dungeon)

   It enhances your conjuration magic.
   It summons a battlesphere in combat, with strength depending on Conjurations
   skill.
   Its strikes trigger the battlesphere's blasts.
Missiles
 p - 11 throwing nets
Armour
 B - a scarf of resistance
 L - a +2 pair of gloves (worn)
 M - a +5 kite shield of positive energy (worn)
 Q - a +2 hat (worn)
 S - the +3 pair of mountain boots (worn) {steadfast, rC+}
   (You found it on level 6 of a ziggurat)

   It prevents involuntary movement, except for blinking, teleportation, or
   banishment.
   rC:        It protects you from cold.
 T - a +2 pair of boots of flying
 U - the +1 cloak of Starlight (worn) {*Dazzle EV+4 Stlth--}
   (You found it in a wizard's laboratory)

   It may blind those who miss an attack against the wearer in melee combat.
   EV:        It affects your evasion (+4).
   Stlth:     It makes you much less stealthy.
Magical Staves
 G - a staff of earth
Jewellery
 c - the ring of Esaneg {rC+ Will+}
   (You found it on level 2 of the Depths)

   [ring of protection from cold]

   rC:        It protects you from cold.
   Will:      It increases your willpower.
 k - the ring of Tavuppit {rC+ Str+5 Dex-2 SInv}
   (You found it on level 2 of the Depths)

   [ring of see invisible]

   Str:       It affects your strength (+5).
   Dex:       It affects your dexterity (-2).
   rC:        It protects you from cold.
   SInv:      It lets you see invisible.
 l - a ring of positive energy
 s - a ring of resist corrosion
 w - an amulet of magic regeneration (around neck)
 z - the ring "Gaidgh" (left hand) {rElec rC+ rN+ Int+6}
   (You took it off a skeletal warrior on level 3 of the Crypt)

   [ring of intelligence]

   Int:       It affects your intelligence (+6).
   rC:        It protects you from cold.
   rElec:     It insulates you from electricity.
   rN:        It protects you from negative energy.
 A - a ring of positive energy
 E - a ring of poison resistance
 O - the ring of Avvuos {rF+ AC+4 Str-3 Stlth+}
   (You took it off a deep elf blademaster on level 3 of the Elven Halls)

   [ring of protection]

   AC:        It affects your AC (+4).
   Str:       It affects your strength (-3).
   rF:        It protects you from fire.
   Stlth:     It makes you more stealthy.
 V - the ring "Zath" (right hand) {rF+ rN+}
   (You found it on level 3 of a ziggurat)

   [ring of positive energy]

   rF:        It protects you from fire.
   rN:        It protects you from negative energy.
Wands
 r - a wand of mindburst (4)
 x - a wand of flame (36)
 C - a wand of light (25)
 N - a wand of paralysis (29)
 P - a wand of roots (23)
 Z - a wand of digging (4)
Scrolls
 e - 8 scrolls of amnesia
 f - 16 scrolls of poison
 g - 19 scrolls of immolation
 h - 14 scrolls of teleportation
 n - 5 scrolls of magic mapping
 t - a scroll of brand weapon
 y - 4 scrolls of summoning
 F - 7 scrolls of silence
 I - 9 scrolls of butterflies
 J - 11 scrolls of vulnerability
 W - 4 scrolls of enchant armour
 X - 6 scrolls of fear
Potions
 a - a potion of magic
 b - 28 potions of curing
 d - 13 potions of heal wounds
 i - 9 potions of berserk rage
 j - 13 potions of might
 m - 5 potions of resistance
 q - 2 potions of haste
 u - 14 potions of brilliance
 v - 8 potions of mutation
 D - 3 potions of invisibility
 H - 13 potions of attraction
 K - 9 potions of cancellation


   Skills:
 + Level 24.9 Fighting
 - Level 12.0 Dodging
 - Level 1.7 Stealth
 - Level 5.3 Shields
 - Level 16.8 Spellcasting
 - Level 20.0 Conjurations
 - Level 10.0 Hexes
 - Level 11.1 Translocations
 - Level 1.0 Transmutations
 - Level 14.4 Ice Magic
 - Level 5.2 Air Magic
 O Level 27 Earth Magic
 - Level 5.2 Poison Magic
 - Level 20.1 Invocations


You had 2 spell levels left.
You knew the following spells:

 Your Spells              Type           Power      Damage    Failure   Level
a - Iron Shot             Conj/Erth      74%        9d14      1%          6
b - Gell's Gravitas       Tloc           91%        N/A       1%          3
c - Leda's Liquefaction   Hex/Erth       56%        N/A       0%          4
d - Iskenderun's Mystic   Conj/Tloc      100%       2d19      1%          4
e - Frozen Ramparts       Ice            100%       1d16      1%          3
f - Fulminant Prism       Conj/Hex       63%        3d26      1%          4
g - Orb of Destruction    Conj           70%        9d16      1%          7
h - Lehudib's Crystal Sp  Conj/Erth      74%        10d17     1%          8
i - Lee's Rapid Deconstr  Erth           66%        3d30*     0%          5
j - Hailstorm             Conj/Ice       100%       3d20      0%          3
k - Shatter               Erth           66%        3d49*     3%          9
l - Apportation           Tloc           100%       N/A       1%          1

Your spell library contained the following spells:

 Spells                   Type           Power      Damage    Failure   Level
 Freeze                   Ice            100%       1d10      0%          1
 Magic Dart               Conj           100%       1d8       0%          1
 Sandblast                Erth           100%       2d20      0%          1
 Shock                    Conj/Air       100%       1d9       0%          1
 Momentum Strike          Conj/Tloc      100%       3d10      0%          2
 Passwall                 Tmut/Erth      84%        N/A       0%          2
 Searing Ray              Conj           100%       2d8       0%          2
 Foxfire                  Conj/Fire      100%       2x1d9     1%          1
 Slow                     Hex            100%       N/A       1%          1
 Sting                    Tmut/Pois      100%       1d8       1%          1
 Blink                    Tloc           100%       N/A       1%          2
 Cigotuvi's Dreadful Rot  Necr/Pois/Air  100%       N/A       1%          2
 Ensorcelled Hibernation  Hex/Ice        100%       N/A       1%          2
 Poisonous Vapours        Pois/Air       100%       N/A       1%          2
 Static Discharge         Conj/Air       100%       2-7/arc   1%          2
 Scorch                   Fire           70%        2d8       3%          2
 Sublimation of Blood     Necr           35%        N/A       3%          2
 Dazzling Flash           Conj/Hex       100%       N/A       0%          3
 Stone Arrow              Conj/Erth      100%       3d13      0%          3
 Iskenderun's Battlesphe  Conj           100%       2d15      0%          5
 Confusing Touch          Hex            88%        N/A       1%          3
 Inner Flame              Hex/Fire       67%        N/A       1%          3
 Kindle Blastsparks       Fire/Tloc/Air  100%       2d18      1%          3
 Lesser Beckoning         Tloc           100%       N/A       1%          3
 Mephitic Cloud           Conj/Pois/Air  100%       N/A       1%          3
 Ozocubu's Armour         Ice            100%       N/A       1%          3
 Portal Projectile        Hex/Tloc       100%       N/A       1%          3
 Summon Guardian Golem    Hex/Summ       67%        N/A       1%          3
 Swiftness                Air            68%        N/A       1%          3
 Teleport Other           Tloc           91%        N/A       1%          3
 Tukima's Dance           Hex            88%        N/A       1%          3
 Vhi's Electric Charge    Tloc/Air       100%       N/A       1%          3
 Cause Fear               Hex            44%        N/A       1%          4
 Flame Wave               Conj/Fire      100%       2d21      1%          4
 Ice Form                 Ice/Tmut       79%        N/A       1%          4
 Manifold Assault         Tloc           91%        N/A       1%          4
 Passage of Golubria      Tloc           91%        N/A       1%          4
 Petrify                  Tmut/Erth      100%       N/A       1%          4
 Sticky Flame             Conj/Fire      100%       2d11      1%          4
 Summon Ice Beast         Ice/Summ       77%        N/A       1%          4
 Arcjolt                  Conj/Air       59%        1d69      1%          5
 Borgnjor's Vile Clutch   Necr/Erth      49%        N/A       1%          5
 Fireball                 Conj/Fire      54%        3d21      1%          5
 Irradiate                Conj/Tmut      55%        3d30      1%          5
 Lightning Bolt           Conj/Air       59%        1d82      1%          5
 Metabolic Englaciation   Hex/Ice        47%        N/A       1%          5
 Conjure Ball Lightning   Conj/Air       59%        3x3d21    1%          6
 Statue Form              Tmut/Erth      67%        N/A       1%          6
 Ignite Poison            Fire/Tmut/Pois 52%        N/A       2%          3
 Airstrike                Air            34%        2d(5-21)  2%          4
 Anguish                  Hex/Necr       33%        N/A       2%          4
 Dispersal                Tloc           45%        N/A       3%          6
 Ozocubu's Refrigeration  Ice            51%        4d18      4%          7
 Starburst                Conj/Fire      54%        6d15      5%          6
 Call Canine Familiar     Summ           35%        N/A       6%          3
 Vampiric Draining        Necr           35%        2d8       6%          3
 Summon Forest            Summ/Tloc      35%        N/A       6%          5
 Summon Lightning Spire   Summ/Air       55%        N/A       7%          4
 Summon Mana Viper        Hex/Summ       67%        N/A       8%          5
 Simulacrum               Ice/Necr       38%        N/A       17%         6
 Enfeeble                 Hex            44%        N/A       30%         7
 Spellforged Servitor     Conj/Summ      54%        N/A       30%         7
 Blade Hands              Tmut           21%        N/A       36%         5
 Eringya's Noxious Bog    Tmut/Pois      28%        N/A       65%         6
 Disjunction              Tloc           45%        N/A       83%         8
 Discord                  Hex            44%        N/A       93%         8
 Summon Cactus Giant      Summ           17%        N/A       97%         6
 Storm Form               Tmut/Air       29%        N/A       99%         7
 Dragon Form              Tmut           21%        N/A       100%        7
 Monstrous Menagerie      Summ           17%        N/A       100%        7
 Summon Hydra             Summ           17%        N/A       100%        7
 Chain Lightning          Conj/Air       59%        3d79      100%        9
 Dragon's Call            Summ           17%        N/A       100%        9
 Fire Storm               Conj/Fire      54%        8d14      100%        9
 Animate Armour           Summ/Erth      Unusable   N/A       N/A         4

Dungeon Overview and Level Annotations

Branches:
Dungeon (15/15)            Temple (1/1) D:4            Lair (5/5) D:10
 Shoals (4/4) Lair:3        Snake (4/4) Lair:3        Slime (5/5) Lair:5
    Orc (2/2) D:11            Elf (3/3) Orc:2        Vaults (5/5) D:13
  Crypt (3/3) Vaults:2       Tomb (1/3) Crypt:3      Depths (4/4) D:15
   Hell (visited)             Dis (0/7) Hell            Geh (0/7) Hell
    Coc (4/7) Hell            Tar (0/7) Hell            Zot (5/5) Depths:4
 WizLab (visited)

Altars:
Ashenzari
Cheibriados
Dithmenos
Elyvilon
Fedhas
Gozag
Hepliaklqana
Kikubaaqudgha
Makhleb
Nemelex Xobeh
Okawaru
Qazlal
Ru
Sif Muna
Trog
Uskayaw
Vehumet
Wu Jian
Xom
Yredelemnul
Zin
The Shining One
Jiyva

Shops:
D:7 (   Orc:2 ?**=:   Vaults:3 [   Depths:1 =::   Depths:3 ?[?:

Portals:
Hell: Depths:1 Depths:2 Depths:3 Depths:4
Abyss: Depths:2 Depths:3
Pandemonium: Depths:2 Depths:4

Annotations:
D:4 3 runed translucent doors, Lanoc's ghost, novice VSNe
D:9 exclusion: orange crystal statue
D:12 3 runed translucent doors, Inachu's ghost, journeyman MiBe
Lair:2 2 transporters, flestrin's ghost, journeyman KoEn
Elf:2 3 runed translucent doors, exclusion: 3 doors


Innate Abilities, Weirdness & Mutations

You can breathe waves of freezing cold which knock back foes.
Your icy white scales are hard. (AC +13)
You cannot fit into any form of body armour.
Your flesh is cold resistant. (rC+)
You are cold-blooded and may be slowed by cold attacks.


Message History

The water elemental is engulfed in freezing vapours.
The water elemental hits your battlesphere.
You block the water elemental's attack.
The Ice Fiend calls on the powers of darkness!
Your body is wracked with pain!
* * * LOW HITPOINT WARNING * * *
Unknown command.
The water elemental attacks as you move away!
You block the water elemental's attack.
Your surroundings suddenly seem different.
The water elemental hits you.
* * * LOW HITPOINT WARNING * * *
The water elemental engulfs you in water!
The Ice Fiend calls on the powers of darkness!
You feel a surge of unholy energy.
A torrent of water rises up through the elemental wellspring!
The torrent of water hits your battlesphere!
Your battlesphere is knocked back by the torrent of water.
The wave splashes down.
Unknown command.
You slip free of the water engulfing you.
You gasp with relief as air once again reaches your lungs.
The shard shrike screeches!
The shard shrike claws your battlesphere.
The shard shrike freezes your battlesphere.
Your battlesphere resists.
The water elemental hits your battlesphere.
The Ice Fiend calls on the powers of darkness!
The shard shrike convulses!
You feel a surge of unholy energy. The Ice Fiend completely misses you.
You block the Ice Fiend's attack.
There is a gateway leading out of Cocytus here.
Unknown command.
The shard shrike claws your battlesphere!
Your battlesphere is destroyed!
You block the water elemental's attack. You block the shard shrike's attack.
The shard shrike spits a shard of ice at you.
The shard of ice hits you!! You partially resist. Zin protects you from harm!
The Ice Fiend claws you!
You die...

#≈.........≈≈≈≈~≈≈≈≈≈≈≈≈≈≈#
≈≈...≈........~~~.......≈≈#
≈Z.*≈≈≈≈..............≈≈≈≈#
...≈≈##≈≈≈..........≈≈≈#≈≈#
...≈## ##≈≈≈.......≈≈### ≈#
..≈#..# ##≈~.......1≈≈# ≈#
..≈#1####E.b.........≈## ≈≈.
..≈#..##≈~~J.Z2bb>....≈##≈≈.
≈..≈..#≈~EE≈≈E○E@^E....≈≈≈≈#
≈..≈.#EE~≈≈≈≈≈≈≈1.......≈≈##
.≈..≈≈EE≈≈###.≈≈≈......≈≈≈.#
.≈.....*..# ##.≈≈≈....≈≈≈≈#
.#≈...≈≈..# ###.≈.....≈≈.≈#
#≈..≈≈#.## #...≈.....≈≈..≈#
#~≈~.≈###.. ###.≈.....≈≈##≈#
≈≈~~.≈. ######≈≈....≈≈≈..#
.~~~.≈#~ #.≈≈.....≈≈#.#.#


You could see 3 shard shrikes, 2 Ice Fiends, an azure jelly, 2 elemental
wellsprings, 4 water elementals, a hellion and a naga warrior simulacrum.

Vanquished Creatures
  the Royal Jelly (Slime:5)
  5 dread liches
  11 orbs of fire
  An ancient lich (Zot:5)
  2 pandemonium lords
  Mennas (Vaults:3)
  3 juggernauts
  Sojobo (Depths:2)
  3 royal mummies (Tomb:1)
  Vv (Crypt:3)
  Bai Suzhen (Depths:2)
  8 Killer Klowns
  Saint Roka (Depths:3)
  A shard shrike (Coc:4)
  Vashnia (Snake:4)
  2 curse toes
  9 golden dragons
  A caustic shrike (Depths:3)
  Geryon (Hell)
  2 bone dragons
  A profane servitor (Crypt:3)
  the Enchantress (Depths:3)
  5 electric golems
  A shard shrike zombie (Crypt:3)
  18 tentacled monstrosities
  A hellephant (Zot:3)
  2 Ice Fiends
  Zenata (Crypt:3)
  10 titans
  25 Orb Guardians
  2 deep elf master archers (Elf:3)
  6 liches
  3 deep elf blademasters
  5 quicksilver dragons
  17 acid blobs
  6 tentacled starspawn
  9 death cobs
  An eldritch tentacle (WizLab)
  3 ancient champions
  13 sphinxes
  Agnes (Snake:4)
  16 storm dragons
  8 tengu reavers
  8 draconian monks
  10 shadow dragons
  A revenant (Tomb:1)
  15 azure jellies
  12 rockslimes
  6 iron dragons
  6 nagarajas (Snake:4)
  7 draconian knights
  12 fire giants
  6 narguns
  8 deep elf sorcerers
  A juggernaut zombie (Crypt:3)
  8 draconian scorchers
  Aizul (Snake:2)
  A shard shrike simulacrum (Coc:3)
  10 frost giants
  2 caustic shrike zombies (Crypt:3)
  2 balrugs
  5 ghost moths
  12 vault wardens
  2 curse skulls (Crypt:3)
  3 deep elf elementalists
  6 draconian stormcallers
  5 spriggan defenders
  2 demonspawn corrupters
  13 ghouls
  2 orc warlords
  7 draconian shifters
  16 stone giants
  20 ironbound preservers
  16 very ugly things
  4 war gargoyles
  11 quicksilver oozes
  12 draconian annihilators
  11 reapers
  5 ironbound thunderhulks
  8 dire elephants
  19 green draconians
  5 vampire knights
  9 white draconians
  Azrael (Snake:2)
  2 lorocyprocas
  4 deep elf demonologists
  3 elemental wellsprings
  11 deep elf annihilators
  6 black draconians
  12 purple draconians
  3 wendigos
  14 yellow draconians
  18 red draconians
  6 spark wasps
  6 mummy priests
  13 ettins
  8 deep elf death magi
  12 eidola
  4 blizzard demons
  4 entropy weavers
  6 merfolk javelineers
  11 merfolk impalers
  20 yaktaur captains
  5 deep elf high priests
  4 jiangshi (Crypt:1)
  9 fire dragons
  10 great orbs of eyes
  2 rakshasas (Depths:2)
  2 peacekeepers
  5 hydras
  6 ice dragons
  34 vault guards
  A hell beast (Zig:4)
  5 spriggan zombies
  6 caustic shrike simulacra
  4 spriggan air magi
  2 salamander tyrants
  A boulder beetle (shapeshifter) (Zot:1)
  2 catoblepae (Lair:5)
  8 anacondas
  3 alligator snapping turtles
  4 death knights
  3 merfolk avatars
  8 ironbound frosthearts
  11 dancing weapons
  5 merfolk aquamancers
  9 boulder beetles
  16 centaur warriors
  3 two-headed ogres
  17 naga warriors
  3 alligators (Lair:4)
  4 deep troll shamans
  5 death yaks
  A satyr (shapeshifter) (Vaults:4)
  2 satyrs
  4 deep troll earth magi
  A hell hog (Depths:4)
  30 death scarabs (Tomb:1)
  13 tengu warriors
  A vampire mage (Crypt:1)
  3 orc high priests
  9 shock serpents
  20 hell knights
  4 thrashing horrors
  A spriggan (Depths:4)
  9 sun demons
  2 titan skeletons
  13 deep elf knights
  19 naga sharpshooters
  5 spriggan berserkers
  8 soul eaters
  15 skeletal warriors
  4 storm dragon zombies
  An iron troll (Depths:1)
  2 sixfirhies (WizLab)
  2 shadow wraiths (WizLab)
  21 sea snakes
  3 goliath frogs (Lair:5)
  6 wretched stars
  A bunyip zombie (Crypt:3)
  A salamander mystic (Depths:4)
  An anaconda zombie (Crypt:3)
  42 deep trolls
  A pharaoh ant (Zig:2)
  7 naga ritualists
  10 deep elf archers
  A quicksilver dragon simulacrum (Coc:1)
  A steelbarb worm (Zig:2)
  2 spriggan simulacra (Coc:1)
  10 wizards
  An obsidian statue (WizLab)
  4 flayed ghosts
  2 tengu zombies (Hell)
  5 glowing orange brains
  31 harpies
  28 deep elf pyromancers
  5 necromancers
  8 mana vipers
  Pikel (D:4)
  26 ironbound convokers
  6 orc sorcerers
  6 orc knights
  23 deep elf zephyrmancers
  An anaconda skeleton (Hell)
  33 phantasmal warriors
  A human zombie (Vaults:4)
  5 lindwurms
  An iron dragon zombie (Crypt:3)
  2 fire giant zombies (Hell)
  29 moths of wrath
  19 manticores
  2 stone giant zombies
  7 cyclopes
  4 shining eyes
  A shining eye (shapeshifter) (Vaults:5)
  10 fauns
  31 ugly things
  13 salamanders
  2 black mambas (shapeshifter)
  A wolf spider (Crypt:3)
  An apocalypse crab (Abyss:2)
  11 guardian serpents
  2 worldbinders
  9 elephants
  3 orange demons (Abyss:2)
  31 black mambas
  A guardian serpent (shapeshifter) (Depths:1)
  A titan simulacrum (Coc:2)
  2 eyes of devastation (Slime:5)
  3 molten gargoyles
  A frost giant skeleton (WizLab)
  10 merfolk sirens
  An elephant (shapeshifter) (Depths:3)
  6 water nymphs
  7 rust devils
  22 naga magi
  7 smoke demons
  2 gargoyles
  A stone giant skeleton (Crypt:2)
  Maggie (D:8)
  A dire elephant zombie (Crypt:3)
  26 vault sentinels
  A naga skeleton (Abyss:2)
  5 hellions
  18 cane toads
  2 tormentors
  2 bunyip simulacra (Coc:1)
  7 swamp worm zombies (Crypt:1)
  5 rime drakes
  4 unseen horrors
  A sea snake zombie (Hell)
  9 freezing wraiths
  A demonic crawler (WizLab)
  29 yaktaurs
  10 tengu conjurers
  3 anaconda simulacra
  5 ancient zymes
  3 hydra zombies (Hell)
  7 komodo dragons
  3 hellwings
  8 guardian mummies
  A yaktaur skeleton (WizLab)
  A queen bee (shapeshifter) (D:14)
  A yellow draconian skeleton (Crypt:1)
  A red devil (Hell)
  4 trolls
  2 harpy zombies (Crypt:3)
  2 sea snake skeletons (Hell)
  A mana viper skeleton (Crypt:1)
  2 hornets
  A tarantella (Vaults:1)
  Prince Ribbit (D:9)
  34 merfolk
  2 tyrant leeches (Lair:5)
  2 polar bears (Lair:4)
  A radroach zombie (Crypt:1)
  9 wind drakes
  A tengu simulacrum (Coc:1)
  84 slime creatures
  A hydra skeleton (Crypt:1)
  5 raiju
  9 snapping turtles
  9 dream sheep
  30 blink frogs
  An iron dragon simulacrum (Coc:1)
  Grinder (D:5)
  A stone giant simulacrum (Coc:2)
  An ettin zombie (Crypt:3)
  12 small abominations
  11 flying skulls
  An alligator zombie (Hell)
  4 air elementals
  A jumping spider (Crypt:3)
  18 water elementals
  3 shadows
  4 ynoxinuls
  5 dire elephant simulacra
  3 ushabtiu
  An elf zombie (Vaults:4)
  A fire bat (shapeshifter) (Zot:1)
  13 wraiths
  4 wyverns
  3 basilisks
  22 yaks
  2 vampires
  7 fire elementals
  5 humans (Zot:3)
  An elf skeleton (Vaults:4)
  2 steam dragons
  10 golden eyes
  4 redbacks
  2 chaos spawn (Abyss:2)
  A human simulacrum (Vaults:4)
  2 alligator snapping turtle simulacra
  A neqoxec (Abyss:2)
  7 wargs
  7 vampire mosquitoes
  A sea snake simulacrum (Hell)
  4 harpy simulacra
  5 spatial vortices (WizLab)
  50 nagas
  2 glowing shapeshifter zombies (Hell)
  A naga zombie (Crypt:3)
  2 hydra simulacra
  2 acid dragons (D:9)
  7 large abominations
  17 water moccasins
  Duvessa (D:5)
  A two-headed ogre skeleton (Crypt:2)
  5 hell hounds
  A demonspawn skeleton (Crypt:2)
  A black bear (D:6)
  A sky beast (shapeshifter) (Vaults:5)
  2 sky beasts
  A black bear (shapeshifter) (Vaults:5)
  26 orc warriors
  3 ettin simulacra (Coc:1)
  8 wolves
  7 ogres
  12 boggarts
  9 centaurs
  A swamp dragon skeleton (Crypt:1)
  A phantom (Crypt:3)
  A human skeleton (WizLab)
  A lemure (D:4)
  2 kobold brigands (D:9)
  10 bullfrogs
  A yaktaur zombie (Crypt:2)
  3 earth elementals
  2 gnoll sergeants
  A cyclops zombie (Crypt:2)
  17 necrophages
  2 scorpions
  3 wights (D:7)
  5 wyvern skeletons (Crypt:3)
  Dowan (D:5)
  A swamp dragon simulacrum (Coc:2)
  5 electric eels
  A vampire bat (Lair:3)
  2 howler monkeys (D:9)
  3 lava snakes (D:10)
  14 starcursed masses
  3 centaur zombies
  A quasit (Abyss:2)
  7 jellies
  23 orc priests
  Crazy Yiuf (D:5)
  A hound (D:7)
  2 iguanas
  37 orc wizards
  A scorpion zombie (D:4)
  20 hell rats
  A hound zombie (Crypt:2)
  A tengu skeleton (Crypt:2)
  24 mummies (Tomb:1)
  Robin (D:3)
  15 gnolls
  9 adders
  A steam dragon skeleton (Crypt:2)
  2 white imps
  5 ufetubi
  A worm (D:5)
  A worm (shapeshifter) (Elf:2)
  3 dart slugs
  58 orcs
  7 endoplasms
  2 giant cockroaches
  11 goblins (D:3)
  6 hobgoblins
  A quokka (D:4)
  A ball python skeleton (Crypt:1)
  15 bats
  2 frilled lizards (D:2)
  16 kobolds
  3 rats
  A pillar of salt (Abyss:2)
  5 starspawn tentacles
2636 creatures vanquished.

Vanquished Creatures (collateral kills)
  A vault guard (Vaults:5)
  A caustic shrike simulacrum (Coc:4)
2 creatures vanquished.

Vanquished Creatures (others)
  A very ugly thing (Depths:1)
  A red draconian (Zot:3)
  A centaur warrior (Vaults:1)
  An anaconda skeleton (WizLab)
  A rust devil (Hell)
  A water elemental (Shoals:3)
  A wyvern skeleton (Crypt:3)
  34 fulminant prisms
  51 fungi
  2 lurking horrors (Abyss:2)
  19 pillars of salt
  230 plants
  5 starspawn tentacles
  40 withered plants (Crypt:3)
388 creatures vanquished.

Grand Total: 3026 creatures vanquished

Notes
Turn   | Place    | Note
-------+----------+-------------------------------------------
     0 | D:1      | Angani the Draconian Earth Elementalist began the quest for
                  | the Orb.
     0 | D:1      | Reached XP level 1. HP: 14/14 MP: 3/3
   229 | D:1      | Reached XP level 2. HP: 20/20 MP: 1/5
   953 | D:2      | Reached XP level 3. HP: 26/26 MP: 5/7
  1527 | D:2      | Learned a level 3 spell: Stone Arrow
  1540 | D:3      | Found the +3 woodcutter's axe {vorpal}
  1638 | D:3      | Reached skill level 4 in Earth Magic
  1671 | D:3      | Reached XP level 4. HP: 30/33 MP: 6/8
  2036 | D:3      | Noticed Robin
  2048 | D:3      | Killed Robin
  2049 | D:3      | Reached XP level 5. HP: 28/38 MP: 10/10
  2823 | D:4      | Found a staircase to the Ecumenical Temple.
  2830 | Temple   | Entered the Ecumenical Temple
  3012 | Temple   | Became a worshipper of Zin the Law-Giver
  3012 | Temple   | Reached * piety under Zin
  3129 | D:4      | Learned a level 2 spell: Poisonous Vapours
  3203 | D:4      | Found a runed translucent gate.
  3203 | D:4      | Found a runed translucent gate.
  3203 | D:4      | Found a runed translucent gate.
  3203 | D:4      | Noticed Lanoc's ghost (novice VSNe)
  3220 | D:4      | Found a basalt altar of Yredelemnul.
  3228 | D:4      | Reached skill level 1 in Conjurations
  3234 | D:4      | Reached skill level 5 in Earth Magic
  3519 | D:5      | Entered Level 5 of the Dungeon
  3534 | D:5      | Reached XP level 6. HP: 34/45 MP: 9/12
  3577 | D:5      | Noticed Grinder
  3619 | D:5      | Reached skill level 1 in Air Magic
  3619 | D:5      | Reached skill level 1 in Poison Magic
  3735 | D:6      | Noticed a vampire mosquito
  3746 | D:6      | Noticed a water moccasin
  3792 | D:5      | Noticed Pikel
  3910 | D:4      | Killed Pikel
  3911 | D:4      | Reached skill level 5 in Spellcasting
  3911 | D:4      | Your scales start taking on an icy white colour.
  3911 | D:4      | Reached XP level 7. HP: 38/50 MP: 10/14
  3911 | D:4      | Gained mutation: Your flesh is cold resistant. (rC+) [White
                  | Draconian growth]
  4108 | D:5      | Found a snail-covered altar of Cheibriados.
  4175 | D:5      | Noticed Duvessa
  4175 | D:5      | Noticed Dowan
  4194 | D:5      | Killed Duvessa
  4195 | D:5      | Reached XP level 8. HP: 47/57 MP: 13/15
  4210 | D:5      | Killed Dowan
  4328 | D:5      | Reached ** piety under Zin
  4428 | D:5      | Identified the +5 flail of Delicate Guilt {flame, Will+
                  | Str+3}
  4464 | D:5      | Found a shimmering blue altar of Sif Muna.
  4471 | D:5      | Killed Grinder
  4568 | D:5      | Found a runed translucent door.
  4569 | D:5      | Noticed Crazy Yiuf
  4576 | D:5      | Killed Crazy Yiuf
  4997 | D:6      | Reached skill level 5 in Conjurations
  5431 | D:6      | Reached XP level 9. HP: 40/62 MP: 15/18
  5754 | D:6      | Reached skill level 5 in Air Magic
  5754 | D:6      | Reached skill level 5 in Poison Magic
  5925 | D:6      | Found a radiant altar of Vehumet.
  5928 | D:6      | Found a bloodstained altar of Trog.
  6158 | D:6      | Found a blossoming altar of Fedhas.
  6703 | D:7      | Reached *** piety under Zin
  7402 | D:7      | Found Alegehan's Weapon Shop.
  7743 | D:8      | Reached **** piety under Zin
  7761 | D:8      | Reached skill level 6 in Earth Magic
  7787 | D:8      | Found an iron altar of Okawaru.
  7809 | D:8      | Found a broken altar of Ashenzari.
  7817 | D:8      | Noticed Maggie
  7825 | D:8      | Killed Maggie
  8569 | D:9      | Reached skill level 1 in Fighting
  8569 | D:9      | Reached skill level 1 in Invocations
  8623 | D:9      | Reached XP level 10. HP: 66/72 MP: 14/21
  8859 | D:9      | Noticed Prince Ribbit
  8863 | D:9      | Killed Prince Ribbit
  9163 | D:9      | Noticed an orange crystal statue
  9856 | D:10     | Entered Level 10 of the Dungeon
  9856 | D:10     | Noticed a cyclops
  9858 | D:10     | Noticed a centaur warrior
  9860 | D:10     | Killed a cyclops
  9861 | D:10     | Reached skill level 5 in Fighting
  9861 | D:10     | Reached skill level 5 in Invocations
 10147 | D:10     | Found a staircase to the Lair.
 10427 | D:10     | Killed a centaur warrior
 10665 | D:10     | Reached ***** piety under Zin
 10858 | D:10     | Noticed a two-headed ogre
 10864 | D:10     | Killed a two-headed ogre
 10865 | D:10     | Reached XP level 11. HP: 66/92 MP: 9/22
 10994 | D:10     | Identified the +1 chain mail of Impatience {MP+9 Str+3}
 11197 | D:11     | Found a staircase to the Orcish Mines.
 11381 | D:11     | Noticed a two-headed ogre
 11386 | D:11     | Killed a two-headed ogre
 11687 | D:11     | Noticed a boulder beetle
 11700 | D:11     | Killed a boulder beetle
 11943 | D:11     | Noticed a boulder beetle
 11954 | D:11     | Killed a boulder beetle
 12074 | D:11     | Noticed a boulder beetle
 12081 | D:11     | Killed a boulder beetle
 12403 | D:12     | Found a runed translucent gate.
 12403 | D:12     | Found a runed translucent gate.
 12403 | D:12     | Found a runed translucent gate.
 12407 | D:12     | Noticed Inachu's ghost (journeyman MiBe)
 13041 | D:12     | Noticed a boulder beetle
 13053 | D:12     | Killed a boulder beetle
 13172 | D:12     | Reached skill level 10 in Invocations
 13402 | D:12     | Noticed a boulder beetle
 13712 | D:12     | Reached skill level 10 in Fighting
 13795 | D:12     | Learned a level 4 spell: Iskenderun's Mystic Blast
 13954 | Lair:1   | Entered Level 1 of the Lair of Beasts
 13973 | Lair:1   | Reached skill level 1 in Translocations
 14909 | Lair:2   | Reached XP level 12. HP: 106/106 MP: 16/23
 15334 | Lair:2   | Found a transporter.
 15446 | Lair:2   | Noticed a death yak
 15451 | Lair:2   | Found a transporter.
 15452 | Lair:2   | Noticed a death yak
 15452 | Lair:2   | Noticed a four-headed hydra
 15452 | Lair:2   | Noticed flestrin's ghost (journeyman KoEn)
 16086 | Lair:2   | Reached skill level 5 in Translocations
 16380 | Lair:2   | Reached ****** piety under Zin
 17177 | Lair:3   | Found a staircase to the Snake Pit.
 17297 | Lair:3   | Found a staircase to the Shoals.
 18315 | Lair:4   | Noticed an alligator
 19114 | Lair:4   | Noticed an alligator
 19122 | Lair:4   | Killed an alligator
 19364 | Lair:4   | Reached XP level 13. HP: 113/113 MP: 21/25
 19987 | Lair:5   | Entered Level 5 of the Lair of Beasts
 21154 | Lair:5   | Found a viscous altar of Jiyva.
 21154 | Lair:5   | Found a staircase to the Slime Pits.
 21913 | Lair:5   | Reached skill level 10 in Conjurations
 21913 | Lair:5   | Reached skill level 10 in Translocations
 21946 | Lair:5   | Reached skill level 10 in Spellcasting
 22635 | Lair:5   | Reached XP level 14. HP: 101/121 MP: 16/28
 24760 | D:13     | Found a gate to the Vaults.
 25891 | D:14     | Learned a level 3 spell: Frozen Ramparts
 25930 | D:14     | Reached skill level 1 in Ice Magic
 26548 | D:15     | Entered Level 15 of the Dungeon
 26584 | D:15     | Learned a level 4 spell: Fulminant Prism
 26682 | D:15     | Reached skill level 5 in Ice Magic
 26980 | D:15     | Noticed a tengu reaver
 26994 | D:15     | Killed a tengu reaver
 27114 | D:15     | Found the +0 staff of Battle
 27643 | D:15     | Found a portal to a secret trove of treasure.
 28011 | D:15     | Found a staircase to the Depths.
 28320 | Orc:1    | Entered Level 1 of the Orcish Mines
 28610 | Orc:2    | Entered Level 2 of the Orcish Mines
 28610 | Orc:2    | Found a staircase to the Elven Halls.
 28622 | Orc:2    | Found Uporhosa's Jewellery Shop.
 28787 | Orc:2    | Reached skill level 1 in Hexes
 28967 | Orc:2    | Paralysed by an orc sorcerer for 2 turns
 29431 | Orc:2    | Reached XP level 15. HP: 123/126 MP: 7/29
 29847 | Orc:2    | Found Laowoc's Book Shop.
 29847 | Orc:2    | Found Jiatusk's General Store.
 29850 | Orc:2    | Found Olijo's Magic Scroll Boutique.
 29853 | Orc:2    | Found Ceust's Assorted Antiques.
 29856 | Orc:2    | Bought a scroll of identify for 36 gold pieces
 29856 | Orc:2    | Bought a potion of brilliance for 72 gold pieces
 29859 | Orc:2    | Bought a scroll of identify for 30 gold pieces
 29862 | Orc:2    | Bought 2 scrolls of identify for 104 gold pieces
 29862 | Orc:2    | Bought a murky cyan potion for 23 gold pieces
 29862 | Orc:2    | Bought a pink potion for 23 gold pieces
 30211 | Orc:2    | Bought a book of the Dragon for 644 gold pieces
 30211 | Orc:2    | Bought a book of Armaments for 504 gold pieces
 30715 | Orc:2    | Bought a ring of willpower for 250 gold pieces
 30725 | Elf:1    | Entered Level 1 of the Elven Halls
 30739 | Elf:1    | Reached skill level 5 in Hexes
 30878 | Elf:1    | Paralysed by an air elemental for 1 turns
 30923 | Elf:1    | Paralysed by an air elemental for 1 turns
 33069 | Elf:2    | Found a runed translucent gate.
 33069 | Elf:2    | Found a runed translucent gate.
 33069 | Elf:2    | Found a runed translucent gate.
 33178 | Elf:2    | Identified the +8 trident of Suicidal Tendencies {freeze,
                  | rElec Will+ Str-2}
 33236 | Elf:2    | Reached skill level 10 in Hexes
 33402 | Elf:1    | Reached skill level 7 in Earth Magic
 33659 | Elf:2    | Reached skill level 8 in Earth Magic
 34114 | Elf:2    | Noticed a deep elf blademaster
 34119 | Elf:2    | Learned a level 7 spell: Orb of Destruction
 34139 | Elf:2    | Learned a level 8 spell: Lehudib's Crystal Spear
 34171 | Elf:3    | Entered Level 3 of the Elven Halls
 34499 | Elf:3    | Reached skill level 9 in Earth Magic
 34501 | Elf:3    | Reached XP level 16. HP: 134/134 MP: 17/30
 35034 | Elf:3    | Reached skill level 10 in Earth Magic
 35138 | Elf:3    | Noticed a deep elf master archer
 35149 | Elf:3    | Killed a deep elf master archer
 35713 | Elf:3    | Noticed a deep elf master archer
 35726 | Elf:3    | Killed a deep elf master archer
 35787 | Elf:3    | Identified the ring of Avvuos {rF+ AC+4 Str-3 Stlth+}
 35787 | Elf:3    | Noticed a deep elf blademaster
 35814 | Elf:3    | Killed a deep elf blademaster
 36129 | Elf:3    | Learned a level 5 spell: Lee's Rapid Deconstruction
 36149 | Elf:3    | Reached skill level 11 in Earth Magic
 36342 | Elf:3    | Identified the +4 chain mail "Edusti Doexe" {rC+++ Str-2
                  | Int+6 Stlth-}
 36342 | Elf:3    | Noticed a deep elf blademaster
 36371 | Elf:3    | Killed a deep elf blademaster
 36822 | Elf:3    | Got the Handbook of Outbursts
 37341 | Snake:1  | Entered Level 1 of the Snake Pit
 38608 | Snake:1  | Reached skill level 12 in Earth Magic
 39272 | Snake:2  | Reached XP level 17. HP: 140/140 MP: 29/33
 39276 | Snake:2  | Learned a level 3 spell: Hailstorm
 39550 | Snake:2  | Reached skill level 10 in Ice Magic
 39613 | Snake:2  | Noticed Azrael
 39624 | Snake:2  | Killed Azrael
 40152 | Snake:2  | Noticed Aizul
 40172 | Snake:2  | Killed Aizul
 42234 | Snake:4  | Entered Level 4 of the Snake Pit
 42261 | Snake:4  | Noticed Agnes
 42268 | Snake:4  | Killed Agnes
 42516 | Snake:4  | Identified the +10 flail of Zin's Castigation {spect,
                  | rElec}
 42880 | Snake:4  | Learned a level 6 spell: Iron Shot
 43255 | Snake:4  | Reached XP level 18. HP: 101/147 MP: 18/35
 43255 | Snake:4  | Noticed Vashnia
 43272 | Snake:4  | Killed Vashnia
 43503 | Snake:4  | Got a serpentine rune of Zot
 43602 | Snake:4  | Found a radiant altar of Vehumet.
 44205 | Shoals:1 | Entered Level 1 of the Shoals
 44828 | Shoals:1 | Upgraded the game from 0.30-a0-347-gf58ed5266c to
                  | 0.30-a0-354-g6b83867211
 46222 | Shoals:2 | Reached skill level 15 in Conjurations
 47743 | Shoals:3 | Got the Directory of Attacks and Air
 47837 | Shoals:4 | Entered Level 4 of the Shoals
 48471 | Shoals:4 | Got the Directory of Quantum Convocation
 48501 | Shoals:4 | Learned a level 3 spell: Gell's Gravitas
 48521 | Shoals:4 | Reached XP level 19. HP: 106/154 MP: 18/36
 48679 | Shoals:4 | Identified the +0 robe "Wewked" {rF+ rC+ rCorr}
 49029 | Shoals:4 | Got a barnacled rune of Zot
 50114 | Vaults:1 | Entered Level 1 of the Vaults
 50274 | Vaults:1 | Found a magical portal.
 50286 | WizLab   | Entered The Roulette of Golubria
 50286 | WizLab   | Found a transporter.
 50446 | WizLab   | Found a corrupted altar of Lugonu.
 50486 | WizLab   | Found a transporter.
 50490 | WizLab   | Found a corrupted altar of Lugonu.
 50661 | WizLab   | Found a transporter.
 50689 | WizLab   | Found a transporter.
 50703 | WizLab   | Found a transporter.
 50746 | WizLab   | Found a transporter.
 50894 | WizLab   | Found a transporter.
 50943 | WizLab   | Got the Catalogue of Wanderlust
 51001 | WizLab   | Found a transporter.
 51046 | WizLab   | Found a transporter.
 51093 | WizLab   | Found a transporter.
 51193 | WizLab   | Found a transporter.
 51193 | WizLab   | Found a transporter.
 51248 | WizLab   | Found a transporter.
 51248 | WizLab   | Found a transporter.
 51313 | WizLab   | Identified the +0 cloak "Jucif" {Str+7 Slay+2}
 51313 | WizLab   | Found the +1 cloak of Starlight {*Dazzle EV+4 Stlth--}
 51315 | WizLab   | Found a transporter.
 51316 | WizLab   | Got Golubria's Compendium of Displacement
 51318 | WizLab   | Found a transporter.
 51320 | WizLab   | Identified the +0 cloak "Qaedof" {Harm Will- Str+8}
 51373 | WizLab   | Found a corrupted altar of Lugonu.
 51465 | WizLab   | Found a transporter.
 51531 | WizLab   | Found a transporter.
 51531 | WizLab   | Found a transporter.
 51573 | WizLab   | Found a transporter.
 52257 | Vaults:1 | Reached skill level 5 in Dodging
 53571 | Vaults:2 | Reached XP level 20. HP: 161/161 MP: 26/37
 54178 | Vaults:2 | Found a staircase to the Crypt.
 54178 | Vaults:2 | Found an ancient bone altar of Kikubaaqudgha.
 54178 | Vaults:2 | Found a basalt altar of Yredelemnul.
 55493 | Vaults:3 | Reached skill level 10 in Dodging
 56308 | Vaults:3 | Identified the +5 great sword of the Shrike {freeze, rF++
                  | Stlth-}
 56859 | Vaults:3 | Noticed Mennas
 57328 | Vaults:3 | Killed Mennas
 57909 | Vaults:3 | Found Tanuiro's Armour Shop.
 58697 | Vaults:4 | Reached XP level 21. HP: 151/179 MP: 2/38
 59568 | Vaults:4 | Identified a scroll of acquirement
 59571 | Vaults:4 | Acquired the +1 pair of boots "Ittifaigg" {rElec}
 60919 | Crypt:1  | Entered Level 1 of the Crypt
 60930 | Crypt:1  | Reached skill level 1 in Shields
 61159 | Crypt:1  | Reached skill level 15 in Fighting
 61323 | Crypt:1  | Paralysed by a vampire knight for 3 turns
 61749 | Crypt:1  | Acquired 394 gold pieces
 62349 | Crypt:2  | Found a basalt altar of Yredelemnul.
 62370 | Crypt:2  | Reached skill level 5 in Shields
 63465 | Crypt:3  | Entered Level 3 of the Crypt
 63872 | Crypt:3  | Noticed Zenata
 63884 | Crypt:3  | Killed Zenata
 64331 | Crypt:3  | Noticed Vv
 64877 | Crypt:3  | Killed Vv
 64878 | Crypt:3  | Reached skill level 15 in Invocations
 66700 | Crypt:3  | Found a staircase to the Tomb.
 66743 | Crypt:3  | Identified the ring "Gaidgh" {rElec rC+ rN+ Int+6}
 67620 | Crypt:3  | Found a basalt altar of Yredelemnul.
 67885 | Crypt:3  | Reached XP level 22. HP: 192/192 MP: 8/39
 67976 | Crypt:3  | Found the +12 pair of quick blades "Gyre" and "Gimble"
                  | {protect}
 68083 | Crypt:3  | Identified the +5 trident "Mosof" {antimagic, Str+3}
 68765 | Depths:1 | Entered Level 1 of the Depths
 68765 | Depths:1 | Found a broken altar of Ashenzari.
 69365 | Depths:1 | Found a gateway to Hell.
 69408 | Depths:1 | Found Yhehashu's Book Shop.
 69410 | Depths:1 | Found Optemiem's Jewellery Shoppe.
 69411 | Depths:1 | Found Wurphy's Book Shop.
 69425 | Depths:1 | Bought Ziuhiguw's Secrets of the Oath and the Tesseract for
                  | 390 gold pieces
 69430 | Depths:1 | Learned a level 4 spell: Leda's Liquefaction
 69652 | Depths:1 | Found an iron altar of Okawaru.
 70292 | Depths:2 | Found a transporter.
 70296 | Depths:2 | Noticed Bai Suzhen
 70309 | Depths:2 | Identified the ring of Tavuppit {rC+ Str+5 Dex-2 SInv}
 70311 | Depths:2 | Found a transporter.
 70347 | Depths:2 | Found a one-way gateway to a ziggurat.
 70389 | Zig:1    | Entered Level 1 of a ziggurat
 70448 | Zig:2    | Entered Level 2 of a ziggurat
 70512 | Zig:3    | Entered Level 3 of a ziggurat
 70576 | Zig:3    | Identified the ring "Zath" {rF+ rN+}
 70588 | Zig:4    | Entered Level 4 of a ziggurat
 70590 | Zig:4    | Found the +15 Maxwell's patent armour {-Cast -Tele rElec
                  | Will+ rCorr}
 70591 | Zig:4    | Noticed Myreked the pandemonium lord
 70599 | Zig:4    | Noticed a golden dragon
 70606 | Zig:4    | Killed Myreked the pandemonium lord
 70759 | Zig:5    | Entered Level 5 of a ziggurat
 70764 | Zig:5    | Noticed Xissaahit the pandemonium lord
 70782 | Zig:5    | Killed Xissaahit the pandemonium lord
 70847 | Zig:6    | Entered Level 6 of a ziggurat
 70923 | Zig:6    | Found the +3 pair of mountain boots {steadfast, rC+}
 71107 | D:15     | You paid a toll of a +7 demon whip to enter a treasure
                  | trove
 71108 | Trove    | Entered a treasure trove
 71180 | Trove    | Got Sif Muna's Lessons on Freezing Stones
 71185 | Trove    | Got Sif Muna's Compilation of Vitiation and the Inferno
 71197 | Trove    | Got Sif Muna's Lectures on the Salvo
 71510 | Depths:2 | Killed Bai Suzhen
 71636 | Depths:2 | Identified the ring of Esaneg {rC+ Will+}
 71718 | Depths:2 | Noticed a golden dragon
 71796 | Depths:2 | Killed a golden dragon
 71863 | Depths:2 | Found a one-way gate leading to the halls of Pandemonium.
 71884 | Depths:2 | Identified the ring "Xusiasaa" {rF+ Int-2 Dex+6 SInv}
 71970 | Depths:2 | Noticed a juggernaut
 71981 | Depths:2 | Killed a juggernaut
 72029 | Depths:2 | Identified the +2 robe "Nexzexoc" {rElec}
 72060 | Depths:2 | Found a one-way gate to the infinite horrors of the Abyss.
 72260 | Depths:2 | Noticed Sojobo
 72268 | Depths:2 | Killed Sojobo
 72369 | Depths:2 | Reached XP level 23. HP: 204/204 MP: 20/40
 72999 | Depths:3 | Found Nygheuca's Magic Scroll Shoppe.
 73002 | Depths:3 | Bought a scroll of teleportation for 57 gold pieces
 73002 | Depths:3 | Bought 2 scrolls of teleportation for 114 gold pieces
 73002 | Depths:3 | Bought a scroll of poison for 76 gold pieces
 73336 | Depths:3 | Identified the +0 plate armour of Eduskuf {rF+}
 73489 | Depths:3 | Found Caety's Magic Scroll Emporium.
 73497 | Depths:3 | Bought a scroll of teleportation for 39 gold pieces
 73497 | Depths:3 | Bought a scroll of fear for 52 gold pieces
 73504 | Depths:3 | Noticed Saint Roka
 73527 | Depths:3 | Killed Saint Roka
 73761 | Depths:3 | Found Jidomypp's Book Shop.
 73781 | Depths:3 | Found Rulou's Armour Shop.
 74124 | Depths:4 | Entered Level 4 of the Depths
 74129 | Depths:4 | Noticed the Enchantress
 74140 | Depths:3 | Killed the Enchantress
 74837 | Depths:3 | Noticed a caustic shrike
 74846 | Depths:3 | Killed a caustic shrike
 74934 | Depths:3 | Noticed a dread lich
 74934 | Depths:3 | Noticed a juggernaut
 74960 | Depths:3 | Killed a dread lich
 74961 | Depths:3 | Reached skill level 15 in Spellcasting
 75157 | Depths:3 | Killed a juggernaut
 75214 | Depths:3 | Paralysed by a sphinx for 5 turns
 75638 | Depths:4 | Found a gate to the Realm of Zot.
 75751 | Depths:4 | Noticed a juggernaut
 75813 | Depths:4 | Killed a juggernaut
 76095 | Depths:3 | Bought a book of Annihilations for 720 gold pieces
 76133 | Depths:4 | Found a sparkling altar of Nemelex Xobeh.
 76285 | Depths:4 | Learned a level 7 spell: Ozocubu's Refrigeration
 76341 | Hell     | Entered the Vestibule of Hell
 76341 | Hell     | Noticed Geryon
 77269 | Depths:3 | Was placed under penance by Zin
 77589 | Depths:2 | Donated 1595 gold pieces to Zin
 77603 | Depths:2 | Was forgiven by Zin
 77751 | Hell     | HP: 10/205 [reaper/+4 scythe of freezing (10)]
 78141 | Depths:3 | Voluntarily entered the Abyss.
 78363 | Abyss:2  | Noticed a dread lich
 78370 | Abyss:2  | Killed a dread lich
 78371 | Abyss:2  | Reached skill level 13 in Earth Magic
 78437 | Abyss:2  | Paralysed by an air elemental for 1 turns
 78502 | Depths:3 | Escaped the Abyss
 78625 | Depths:3 | Voluntarily entered the Abyss.
 78625 | Abyss:2  | Found a corrupted altar of Lugonu.
 78715 | Abyss:2  | Found a radiant altar of Vehumet.
 78715 | Abyss:2  | Found a sparkling altar of Nemelex Xobeh.
 78760 | Abyss:2  | Reached XP level 24. HP: 214/214 MP: 32/43
 78917 | Abyss:3  | Found a corrupted altar of Lugonu.
 78932 | Abyss:3  | Reached skill level 14 in Earth Magic
 78942 | Abyss:3  | Found a corrupted altar of Lugonu.
 78945 | Abyss:3  | Got an abyssal rune of Zot
 79008 | Depths:3 | Escaped the Abyss
 79324 | Slime:1  | Entered Level 1 of the Pits of Slime
 79604 | Slime:2  | Reached skill level 15 in Earth Magic
 80523 | Slime:1  | Reached skill level 16 in Earth Magic
 81460 | Slime:5  | Entered Level 5 of the Pits of Slime
 81703 | Slime:5  | Found a viscous altar of Jiyva.
 81757 | Slime:5  | Noticed the Royal Jelly
 81974 | Slime:5  | Reached skill level 17 in Earth Magic
 82364 | Slime:5  | Found the +12 glaive of Prune {vorpal}
 82485 | Slime:5  | Killed the Royal Jelly
 82520 | Slime:5  | Got the Exposition on Vitiation
 82538 | Slime:5  | Got a slimy rune of Zot
 82717 | Lair:5   | Learned a level 1 spell: Apportation
 83111 | Vaults:5 | Entered Level 5 of the Vaults
 83119 | Vaults:5 | Reached skill level 18 in Earth Magic
 83319 | Vaults:5 | Noticed a dread lich
 83685 | Vaults:5 | Paralysed by a dread lich for 5 turns
 84047 | Vaults:4 | Killed a dread lich
 84122 | Vaults:4 | Reached skill level 19 in Earth Magic
 84331 | Vaults:5 | Reached XP level 25. HP: 190/221 MP: 25/43
 84792 | Vaults:5 | Identified the ring "Fedagg" {Drain +Blink rC+ Dex+4 SInv}
 85009 | Vaults:5 | Reached skill level 20 in Earth Magic
 86393 | Vaults:5 | Noticed a dread lich
 86396 | Vaults:5 | Killed a dread lich
 86459 | Vaults:5 | Reached skill level 21 in Earth Magic
 86721 | Vaults:5 | Got a silver rune of Zot
 87950 | Zot:1    | Entered Level 1 of the Realm of Zot
 89018 | Tomb:1   | Entered Level 1 of the Tomb of the Ancients
 89414 | Tomb:1   | Learned a level 9 spell: Shatter
 90176 | Tomb:1   | Noticed a royal mummy
 90188 | Tomb:1   | Killed a royal mummy
 90474 | Tomb:1   | Reached skill level 22 in Earth Magic
 90602 | Tomb:1   | Noticed a royal mummy
 90611 | Tomb:1   | Killed a royal mummy
 90674 | Tomb:1   | Paralysed by a sphinx for 3 turns
 91616 | Tomb:1   | Noticed a royal mummy
 91616 | Tomb:1   | Noticed a royal mummy
 91616 | Tomb:1   | Noticed a royal mummy
 91625 | Tomb:1   | Noticed a royal mummy
 91626 | Tomb:1   | Killed a royal mummy
 91929 | Tomb:1   | Noticed a royal mummy
 92778 | Hell     | Reached skill level 23 in Earth Magic
 93069 | Hell     | Killed Geryon
 93106 | Hell     | Found a gateway to the Iron City of Dis.
 93178 | Hell     | Found a gateway to the freezing wastes of Cocytus.
 93269 | Hell     | Found a gateway to the decaying netherworld of Tartarus.
 93337 | Hell     | Found a gateway to the ashen valley of Gehenna.
 93346 | Hell     | Reached XP level 26. HP: 228/228 MP: 38/43
 93804 | Zot:1    | Reached skill level 24 in Earth Magic
 94429 | Zot:1    | Noticed an orb of fire
 94661 | Zot:1    | Killed an orb of fire
 95553 | Zot:1    | Reached skill level 25 in Earth Magic
 97072 | Zot:2    | Identified the +1 shortbow "Iwiy" {elec, rF++ Stlth-}
 97380 | Zot:2    | Reached skill level 26 in Earth Magic
 97672 | Zot:2    | Got the Monograph on Burning Congelation
 99464 | Zot:3    | Reached skill level 27 in Earth Magic
 99637 | Zot:3    | Reached XP level 27. HP: 236/236 MP: 24/43
 99983 | Zot:3    | Upgraded the game from 0.30-a0-354-g6b83867211 to
                  | 0.30-a0-358-g0d69a1922f
103026 | Zot:4    | Noticed an orb of fire
103030 | Zot:4    | Killed an orb of fire
103100 | Zot:5    | Entered Level 5 of the Realm of Zot
104272 | Zot:5    | Noticed an orb of fire
104272 | Zot:5    | Noticed an orb of fire
104275 | Zot:5    | Noticed an ancient lich
104275 | Zot:5    | Noticed an orb of fire
104275 | Zot:5    | Noticed an orb of fire
104281 | Zot:5    | Killed an orb of fire
104287 | Zot:5    | Noticed an orb of fire
104655 | Zot:4    | Killed an orb of fire
104810 | Zot:5    | Killed an orb of fire
104944 | Zot:5    | Killed an ancient lich
105010 | Zot:5    | Killed an orb of fire
105080 | Zot:5    | Killed an orb of fire
105434 | Zot:5    | Noticed an orb of fire
105435 | Zot:5    | Noticed an orb of fire
105435 | Zot:5    | Noticed an orb of fire
105436 | Zot:5    | Noticed an orb of fire
106557 | Zot:5    | Killed an orb of fire
107496 | Zot:5    | Killed an orb of fire
107631 | Zot:5    | Killed an orb of fire
107807 | Zot:5    | Killed an orb of fire
108391 | Coc:1    | Entered Level 1 of Cocytus
108391 | Coc:1    | Noticed a dread lich
108394 | Coc:1    | Killed a dread lich
108404 | Coc:1    | Paralysed by a wendigo for 1 turns
109016 | Coc:4    | Paralysed by a wendigo for 1 turns
109102 | Coc:4    | Donated 3060 gold pieces to Zin
109136 | Coc:4    | HP: 11/235 [??? (4)]
109138 | Coc:4    | HP: 4/235 [water elemental[an elemental wellspring] (6)]
109140 | Coc:4    | Zin protects you from harm!
109140 | Coc:4    | Slain by an Ice Fiend

Illustrated notes

Levels and vault maps discovered:
D:1:      psy_arrival_radial02, layout_rooms
D:2:      layout_loops_ring
D:3:      layout_basic, interstate_on_off,
          nicolae_concentric_dashed_squares_wild, minmay_misc_feat_tower,
          grunt_ministairs_12, minivault_4, uniq_robin
D:4:      layout_cave_pools, nicolae_yredelemnul_ghost_church,
          minmay_temple_entry_ruins
D:5:      layout_cave_pools, nicolae_sif_muna_little_library,
          cheibrodos_worm_habitat, uniq_grinder, uniq_pikel, uniq_duvessa,
          uniq_crazy_yiuf_cottage
D:6:      layout_rooms, grunt_temple_overflow_open,
          mainiacjoe_overflow_alcove_2, nicolae_eternal_life
D:7:      kennysheep_big_flooded_room, layout_loops_ring, serial_shops,
          nicolae_shop_hallway_stairs, kennysheep_potato
D:8:      layout_loops_ring, mainiacjoe_overflow_big_doors, uniq_maggie
D:9:      minmay_statue_hallways, layout_irregular_city, uniq_prince_ribbit1
D:10:     layout_cave_pools, erik_lair_orcish_takeover, kennysheep_cross_room,
          statue_in_the_mist_lemuel
D:11:     layout_irregular_city, orc_0_dummy, serial_glass, glass_columns_a,
          glass_columns_a
D:12:     layout_long_grid, gammafunk_ghost_spectres
D:13:     layout_stronghold, erik_vaults_1, eino_tiny_chamber
D:14:     layout_loops_cross, chequers_serial_rivers_micro_e
D:15:     hangedman_depths_entry_try_elsewhere_first, layout_long_grid,
          nicolae_titane, nicolae_trove_entry_free_sample, amethyst_killhole,
          nicolae_benzene_ring, minmay_misc_feat_chi,
          hellmonk_guarded_unrand_staff_of_battle
Temple:   nicolae_temple_bog_church
Lair:1:   layout_chaotic_city
Lair:2:   layout_gridlike, nzn_ghost_randoct, nzn_random_ring
Lair:3:   layout_misc_corridors, minmay_shoals_entry_hut,
          guppyfry_snake_entry_island, roderic_batcave, grunt_megastairs_1,
          infiniplex_staircase_pool_2
Lair:4:   layout_regular_city, nicolae_lair_lakeside_cave
Lair:5:   minmay_lair_end_frog_pond, layout_cave_pods,
          minmay_slime_entry_pillars, grunt_forest_small_clearings,
          nicolae_lair_yak_garden
Shoals:1: layout_shoals
Shoals:2: layout_shoals, nicolae_shoals_hunting_party
Shoals:3: layout_shoals, nicolae_shoals_loop_pool
Shoals:4: shoals_end_simple, layout_shoals
Snake:1:  layout_layer_cave, st_stairs_5, grunt_megastairs_5
Snake:2:  layout_chambers, serial_bayou_lake_a, uniq_aizul, uniq_azrael
Snake:3:  layout_rooms, nicolae_coiled_stairwell_down
Snake:4:  grunt_snake_rune_serpentine_throne, layout_rooms, serial_corexii_hall,
          corexii_hall_statues_deadend, corexii_hall_statues_i, basic_altar,
          uniq_agnes
Slime:1:  layout_caves
Slime:2:  layout_caves, special_room [special_room_jelly]
Slime:3:  layout_caves
Slime:4:  layout_caves
Slime:5
Orc:1:    layout_diamond_mine, nicolae_orc_sculptors_studio
Orc:2:    st_orc_mages, layout_caves, serial_shops, nicolae_shop_trees,
          mines4_lemuel
Elf:1:    elf_arrival_002, layout_geoelf_octagon, hangedman_corner_corridor,
          grunt_ministairs_7, grunt_megastairs_4, lemuel_upstairs_altar
Elf:2:    nicolae_elf_blades_splatter_lattice [grunt_blade_entry_basic],
          layout_geoelf_octagon, minivault_16, kilobyte_mutagenic_chamber
Elf:3:    grunt_elf_hall_asides, layout_loops_cross, serial_glass,
          glass_columns_a, glass_columns_a
Vaults:1: infiniplex_enter_wizlab_glasses, ontoclasm_vaults_eye, v_pattern_3,
          v_misc_9, v_misc_2, nicolae_vaults_specimen_jars, v_misc_27,
          vaults_room_corners, st_octagons_2, vaults_dpeg_spiral,
          vaults_room_hallway, layout_vaults_ring
Vaults:2: nicolae_vaults_sealed_display, grunt_vaults_diagonal,
          grunt_vaults_funnel, ontoclasm_vaults_pinch,
          nicolae_vaults_shelves_hall, hangedman_vaults_capsules,
          vaults_room_pool, minmay_crypt_entry_necro_gods,
          nicolae_vaults_little_squares_4, v_misc_24, layout_vaults_omnigrid
Vaults:3: hangedman_vaults_hat, ontoclasm_vaults_ring_large,
          nicolae_vaults_network_square, hangedman_vaults_stagger,
          nicolae_vaults_quartermaster, nicolae_vaults_network_quinsquares
          [nicolae_vaults_network_quincunx_subvault,
          nicolae_vaults_network_quincunx_subvault,
          nicolae_vaults_network_quincunx_subvault,
          nicolae_vaults_network_quincunx_subvault], vaults_dpeg_doors,
          hangedman_vaults_river_flow, vaults_room_stairs_pillars,
          vaults_room_pool, dpeg_vaults_monster_box,
          ontoclasm_vaults_misaligned, layout_vaults_big_room, uniq_mennas
Vaults:4: vaults_dpeg_ring, v_misc_17, hangedman_vaults_slice,
          hangedman_vaults_hard_town_square, v_misc_3, nicolae_vaults_asterisk,
          v_misc_13, v_pattern_5, v_misc_12, nicolae_vaults_alarming,
          ontoclasm_vaults_claustrophobia, v_rooms_1, layout_vaults_maze_snakey
Vaults:5
Crypt:1:  layout_basic, st_stairs_4, hex_medium, minmay_misc_feat_columns,
          grunt_ministairs_6, lemuel_dead_fish_pool
Crypt:2:  layout_regular_city, basic_altar
Crypt:3:  evilmike_haunted_forest, uniq_vv, uniq_zenata
Tomb:1
Depths:1: layout_cave_shapes, ashenzari_altar_1, hell_entry,
          minmay_misc_feat_cross, minmay_parallelograms, okawaru_gym_becter,
          minmay_shop_grove
Depths:2: hangedman_spin_cycle, abyss_entry, hell_entry, pan_entry,
          uniq_bai_suzhen
Depths:3: minmay_connected_triangles_in_corner, layout_cave_pools, hell_entry,
          hangedman_abyss_entry_splay, roderic_roman_lattice, serial_shops,
          nicolae_shop_advertising_works [nicolae_subvault_shop_adworks],
          nicolae_take_the_stairs, kennysheep_mini_moat,
          nicolae_shop_behind_doors, uniq_saint_roka
Depths:4: grunt_zot_entry_tricorne, layout_cave_pools,
          nemelex_spade_bored_becter, hellmouth_1, pan_entry, uniq_enchantress
Hell
Coc:1:    layout_cocytus_water_paths
Coc:2:    layout_ice_bergs
Coc:3:    layout_cocytus_water_paths
Coc:4:    layout_cocytus_water_paths
Zot:1:    hangedman_zot_vaults_quadrants, layout_onion_interference
Zot:2:    layout_concentric_octagons
Zot:3:    circus_mu, layout_gridlike
Zot:4:    layout_onion, lemuel_baited_zot_trap, grunt_ministairs_11
Zot:5:    layout_basic

Skill      XL: |  1  2  3  4  5  6  7  8  9 10 11 12 13 14 15 16 17 18 19 20 21 22 23 24 25 26 27 |
---------------+----------------------------------------------------------------------------------+-----
Spellcasting   | 3 4 5 6 7 8 10 12 13 16 | 16.8
Earth Magic    | 4 5 6 9 12 13 19 23 27 | 27.0
Conjurations   | 1 3 5 6 8 10 11 13 16 19 20 | 20.0
Air Magic      | 2 3 4 5 |  5.2
Poison Magic   | 2 3 4 5 |  5.2
Fighting       | 1 7 10 13 15 16 17 24 | 24.9
Invocations    | 1 7 10 12 14 16 20 | 20.1
Translocations | 2 8 10 11 | 11.1
Ice Magic      | 9 14 | 14.4
Hexes          | 3 10 | 10.0
Dodging        | 7 12 | 12.0
Shields        | 5 |  5.3
Stealth        | |  1.7
Transmutations | |  1.0

Action                   |  1- 3 |  4- 6 |  7- 9 | 10-12 | 13-15 | 16-18 | 19-21 | 22-24 | 25-27 || total
-------------------------+-------+-------+-------+-------+-------+-------+-------+-------+-------++-------
Melee: Battleaxe         |     3 |    64 |    57 |       |       |       |       |       |       ||   124
       Tailslap          |     1 |     9 |    12 |     6 |     7 |       |    60 |    23 |    22 ||   140
       Staff             |       |       |       |    32 |    33 |    14 |   175 |   103 |    78 ||   435
 Cast: Sandblast         |    47 |    44 |    24 |       |    67 |       |       |       |       ||   182
       Stone Arrow       |       |       |    82 |   329 |   475 |   175 |       |       |       ||  1061
       Iskenderun's Myst |       |       |       |     1 |   122 |   156 |   376 |   403 |    56 ||  1114
       Frozen Ramparts   |       |       |       |       |     1 |     1 |     1 |     1 |       ||     4
       Fulminant Prism   |       |       |       |       |       |    16 |    15 |     3 |       ||    34
       Lee's Rapid Decon |       |       |       |       |       |    19 |    63 |    21 |     3 ||   106
       Hailstorm         |       |       |       |       |       |   327 |   330 |   111 |    14 ||   782
       Orb of Destructio |       |       |       |       |       |     3 |    10 |     4 |    13 ||    30
       Gell's Gravitas   |       |       |       |       |       |       |    30 |     8 |     4 ||    42
       Lehudib's Crystal |       |       |       |       |       |       |     3 |       |    42 ||    45
       Iron Shot         |       |       |       |       |       |       |   104 |   293 |   697 ||  1094
       Leda's Liquefacti |       |       |       |       |       |       |       |     4 |       ||     4
       Shatter           |       |       |       |       |       |       |       |       |    58 ||    58
       Ozocubu's Refrige |       |       |       |       |       |       |       |       |     6 ||     6
       Apportation       |       |       |       |       |       |       |       |       |     4 ||     4
Invok: Recite            |       |       |       |     2 |    20 |     6 |    13 |    22 |    10 ||    73
       Imprison          |       |       |       |       |       |       |     1 |       |       ||     1
       Sanctuary         |       |       |       |       |       |       |       |     2 |     7 ||     9
       Donate Gold       |       |       |       |       |       |       |       |     1 |     1 ||     2
       Vitalisation      |       |       |       |       |       |       |       |       |     8 ||     8
 Abil: Breathe Frost     |       |       |    18 |    38 |    32 |       |     4 |       |     6 ||    98
Evoke: Wand              |       |     2 |       |    17 |       |     2 |    24 |     4 |     2 ||    51
  Use: Scroll            |     1 |       |    10 |    10 |    10 |    11 |    12 |    12 |    19 ||    85
       Potion            |       |       |       |       |       |     2 |    10 |    15 |    12 ||    39
 Stab: Sleeping          |       |     1 |     1 |       |       |       |       |       |       ||     2
       Confused          |       |       |       |       |     1 |       |       |       |       ||     1
Armor: Skin              |     6 |    28 |    32 |    91 |   209 |   116 |   144 |   184 |   329 ||  1139
Dodge: Dodged            |     7 |    58 |    82 |   148 |   132 |   107 |   330 |   342 |   467 ||  1673
Block: Buckler           |       |       |       |       |    29 |    28 |    24 |       |       ||    81
       Reflection        |       |       |       |       |     4 |     8 |     7 |       |       ||    19
       Kite shield       |       |       |       |       |       |       |   174 |   301 |   324 ||   799

Table legend: (Time is in decaauts)
 A = Elapsed time spent in this place.
 B = Non-inter-level travel time spent in this place.
 C = Inter-level travel time spent in this place.
 D = Time resting spent in this place.
 E = Time spent auto-exploring this place.
 F = Levels seen in this place.
 G = Mean time per level.
                   A        B        C        D        E       F      G
               +--------+--------+--------+--------+--------+-----+--------+
         Total | 109648 | 102163 |   7485 |  46980 |  32005 |  74 | 1481.7 |
       Dungeon |  20124 |  18336 |   1788 |   6511 |   9355 |  15 | 1341.6 |
        Temple |    201 |    195 |      6 |      0 |    168 |   1 |  201.0 |
          Lair |  10515 |   9691 |    824 |   4394 |   3958 |   5 | 2103.0 |
        Shoals |   5681 |   5399 |    282 |   1776 |   2782 |   4 | 1420.2 |
     Snake Pit |   7044 |   6661 |    383 |   2706 |   2841 |   4 | 1761.0 |
    Slime Pits |   3320 |   3044 |    276 |   1202 |    882 |   5 |  664.0 |
  Orcish Mines |   2313 |   2133 |    180 |    925 |    731 |   2 | 1156.5 |
   Elven Halls |   6490 |   6141 |    349 |   3027 |   1684 |   3 | 2163.3 |
        Vaults |  14344 |  12776 |   1568 |   5939 |   3967 |   5 | 2868.8 |
         Crypt |   8215 |   7581 |    634 |   3578 |   1576 |   3 | 2738.3 |
          Tomb |   2574 |   2574 |      0 |    932 |     18 |   1 | 2574.0 |
        Depths |   9870 |   9116 |    754 |   5682 |   1661 |   4 | 2467.5 |
          Hell |    877 |    827 |     50 |    377 |    332 |   1 |  877.0 |
       Cocytus |    400 |    400 |      0 |    174 |      0 |   4 |  100.0 |
           Zot |  14758 |  14374 |    384 |   8966 |   1471 |   5 | 2951.6 |
         Abyss |    771 |    771 |      0 |      0 |      0 |   4 |  192.8 |
      Ziggurat |    576 |    576 |      0 |    318 |      0 |   6 |   96.0 |
         Trove |    111 |    111 |      0 |      0 |      0 |   1 |  111.0 |
        Wizlab |   1456 |   1456 |      0 |    470 |    576 |   1 | 1456.0 |
               +--------+--------+--------+--------+--------+-----+--------+

Top non-repeatable levels by time:
 Crypt:3: 5033 daAuts
Vaults:4: 4106 daAuts
Depths:3: 3620 daAuts
   Zot:3: 3587 daAuts
   Zot:1: 3567 daAuts
  Lair:4: 3252 daAuts
   Zot:4: 3172 daAuts
   Zot:5: 3016 daAuts
  Lair:5: 2860 daAuts
Vaults:3: 2822 daAuts
  Tomb:1: 2574 daAuts
Vaults:5: 2557 daAuts
Vaults:2: 2454 daAuts
Vaults:1: 2404 daAuts
    D:15: 2371 daAuts
